 Dungeon Crawl Stone Soup version 0.18.1-5-g4a78601 (webtiles) character file.

833310 manyhoops the Conqueror (level 27, -32/439 (484) HPs)
             Began as a Demonspawn Gladiator on May 11, 2016.
             Was the Champion of Okawaru.
             Annihilated by Antaeus
             ... wielding a +0 morningstar of protection
              (62 damage)
             ... on level 7 of Cocytus on May 12, 2016.
             The game lasted 05:14:57 (72392 turns).

manyhoops the Conqueror (Demonspawn Gladiator)     Turns: 72392, Time: 05:14:58

HP:   -32/439 (484) AC: 43    Str: 35 (39) XL:     27
MP:   42/44         EV: 21    Int: 24 (26) God:    Okawaru [******]
Gold: 6279          SH:  0    Dex: 13      Spells: 1 memorised, 25 levels left

rFire  + . .     SeeInvis .     U - +10 battleaxe of Honour {flame, rPois Str+3 Int+3 Stlth-}
rCold  + + +     Gourm    .     s - +6 plate armour {rF+}
rNeg   + . .     Faith    .     (shield currently unavailable)
rPois  +         Spirit   .     y - +3 hat of Pondering {ponderous, MR+ MP+10 Int+5}
rElec  +         Dismiss  .     v - +2 cloak {MR+}
rCorr  .         Reflect  .     V - +2 pair of gloves {Str+3}
SustAt .         Harm     +     (boots unavailable)
MR     ++++.     Rnd*Rage +     J - amulet of harm
Stlth  ..........               u - ring "Yzyewk" {rC++ Str+2 Int+7}
                                Z - ring "Feqis" {rC+ rN+ Slay+3}

@: berserking, heroism, very slightly contaminated, hasted, very quick,
incredibly resistant to hostile enchantments, extremely unstealthy
A: talons 3, thin metallic scales 3, berserk 1, blurry vision 1, clumsy 1,
powered by death 3, robust 3, spiny 3, MP-powered wands, sturdy frame 1
a: Heroism, Finesse, Renounce Religion
}: 6/15 runes: decaying, serpentine, slimy, silver, golden, abyssal


You were on level 7 of Cocytus.
You worshipped Okawaru.
Okawaru was exalted by your worship.
You were not hungry.

You visited 14 branches of the dungeon, and saw 67 of its levels.
You visited the Abyss 1 time.
You also visited: Labyrinth, Ice Cave and Wizlab.

You collected 10742 gold pieces.
You spent 4463 gold pieces at shops.

Inventory:

Hand Weapons
 U - the +10 battleaxe of Honour (weapon) {flame, rPois Str+3 Int+3 Stlth-}
   (Okawaru gifted it to you on level 1 of the Elven Halls)

   It has been specially enchanted to burn those struck by it, causing extra
   injury to most foes and up to half again as much damage against particularly
   susceptible opponents.
   Big, fiery blades are also staple armaments of hydra-hunters.
   It affects your strength (+3).
   It affects your intelligence (+3).
   It protects you from poison.
   It makes you less stealthy.
 W - the +11 triple crossbow "Coevvee" {venom, Int+4 SInv}
   (Okawaru gifted it to you on level 4 of the Depths)

   It poisons the ammo it fires.
   It affects your intelligence (+4).
   It lets you see invisible.
Missiles
 d - 9 throwing nets (quivered)
 D - 650 bolts
Armour
 s - a +6 plate armour of fire resistance (worn)
 v - a +2 cloak of magic resistance (worn)
 y - the +3 hat of Pondering (worn) {ponderous, MR+ MP+10 Int+5}
   (You found it on level 3 of the Tomb of the Ancients)

   It affects your intelligence (+5).
   It affects your resistance to hostile enchantments.
   It affects your magic capacity (+10).
 V - a +2 pair of gloves of strength (worn)
Rods
 L - a +5 rod of ignition (13/13)
   (You found it on level 3 of the Crypt)
Jewellery
 u - the ring "Yzyewk" (right hand) {rC++ Str+2 Int+7}
   (You found it on level 4 of the Dungeon)

   [ring of strength]

   It affects your strength (+2).
   It affects your intelligence (+7).
   It greatly protects you from cold.
 J - an amulet of harm (around neck)
 K - an uncursed ring of see invisible
 O - the ring of Vuyph {rCorr rElec rPois}
   (You took it off a deep elf blademaster on level 3 of the Elven Halls)

   [ring of resist corrosion]

   It insulates you from electricity.
   It protects you from poison.
 Z - the ring "Feqis" (left hand) {rC+ rN+ Slay+3}
   (You found it on level 3 of the Crypt)

   [ring of positive energy]

   It affects your accuracy and damage with ranged weapons and melee attacks
   (+3).
   It protects you from cold.
   It protects you from negative energy.
Wands
 b - a wand of hasting (5/9)
 n - a wand of iceblast (5/15)
 p - a wand of disintegration (11/24)
 P - a wand of teleportation (5/9)
 S - a wand of heal wounds (5/9)
Scrolls
 a - 3 scrolls of summoning
 j - 19 scrolls of remove curse
 l - 21 scrolls of teleportation
 q - 17 scrolls of fear
 w - 2 scrolls of magic mapping
 C - 2 scrolls of enchant weapon
 H - 5 scrolls of immolation
 N - 14 scrolls of blinking
 Q - 5 scrolls of identify
 Y - 8 scrolls of silence
Potions
 c - 3 potions of resistance
 m - 26 potions of curing
 o - 3 potions of haste
 t - 5 potions of berserk rage
 x - 5 potions of agility
 z - 7 potions of flight
 E - 4 potions of heal wounds
 F - 2 potions of invisibility
 I - 4 potions of might
Miscellaneous
 k - 3 phantom mirrors
 A - a legendary deck of changes {drawn: 2}
 B - the horn of Geryon
 G - a disc of storms
 M - a stone of tremors
 T - a figurine of a ziggurat
 X - a box of beasts {used: 7}
Comestibles
 f - 14 bread rations


   Skills:
 O Level 27 Fighting
 - Level 22.7(27) Axes
   Level 0.1(20.5) Maces & Flails
   Level 0.8(20.5) Polearms
 - Level 12.1(17.1) Crossbows
 - Level 1.7(6.7) Throwing
 - Level 22.8(27) Armour
 + Level 18.0(23.0) Dodging
 - Level 10.3(15.3) Stealth
   Level 15.4(20.4) Shields
 - Level 9.3 Invocations
 - Level 15.4 Evocations


You had 25 spell levels left.
You knew the following spells:

 Your Spells              Type           Power        Failure   Level  Hunger
a - Apportation           Tloc           #.........   30%         1    ##.....


Dungeon Overview and Level Annotations

Branches:
Dungeon (15/15)            Temple (1/1) D:7            Lair (8/8) D:8
  Swamp (4/4) Lair:5        Snake (4/4) Lair:5        Slime (6/6) Lair:6
    Orc (2/2) D:11            Elf (3/3) Orc:2        Vaults (5/5) D:14
  Crypt (3/3) Vaults:2       Tomb (3/3) Crypt:3      Depths (5/5) D:15
   Hell (1/1)                 Dis (0/7) Hell            Geh (0/7) Hell
    Coc (7/7) Hell            Tar (0/7) Hell            Zot (0/5) Depths:5

Altars:
Ashenzari
Cheibriados
Dithmenos
Elyvilon
Fedhas
Gozag
Kikubaaqudgha
Makhleb
Nemelex Xobeh
Okawaru
Pakellas
Qazlal
Sif Muna
Trog
Vehumet
Xom
Yredelemnul
The Shining One
Jiyva

Shops:
D:4 }}?   D:6 [   D:15 [   Orc:1 ?(*?(   Orc:2 ?=}[   Elf:1 *   Elf:2 [
Snake:1 :   Snake:2 }   Snake:3 :   Vaults:2 }[}}[   Vaults:5 **   Depths:3 :[%
Depths:4 }

Portals:
Hell: Lair:8 Depths:1 Depths:2 Depths:3 Depths:4 Depths:5
Abyss: Depths:1 Depths:2 Depths:4
Pandemonium: Depths:3
Ziggurat: Depths:4

Annotations:
Depths:1 exclusion: obsidian statue
Depths:5 2 runed doors
Coc:7 Antaeus


Innate Abilities, Weirdness & Mutations

You have claws for feet.
You are completely covered in thin metallic scales (AC +4, rElec).
You regenerate a lot of health from kills.
You are extremely robust (+30% HP).
You are completely covered in sharp spines.
You tend to lose your temper in combat.
Scrolls take you a little longer to read.
You are clumsy. (Dex -2)
You expend magic power (3 MP) to strengthen your wands.
Your movements are slightly less encumbered by armour (ER -2).


Message History

Antaeus is severely wounded.
You slice Antaeus like a ripe choko!!! You burn Antaeus.
You claw Antaeus, but do no damage.
Antaeus is almost dead.
The ice encasing you melts away.
Antaeus hits you with a morningstar of protection!!!
* * * LOW HITPOINT WARNING * * *
Antaeus freezes you! You resist.
* * * LOW HITPOINT WARNING * * *
Antaeus completely misses you.
You barely miss Antaeus. You claw Antaeus, but do no damage.
Antaeus is almost dead.
Your plate armour prevents you from hitting Antaeus.
Your kick misses Antaeus.
Antaeus is almost dead.
You carve Antaeus like a ham!!! You burn Antaeus!
You claw Antaeus, but do no damage.
Antaeus is almost dead.
Antaeus hits you with a morningstar of protection!!!
You die...

....≈≈≈≈≈≈≈≈≈≈≈≈≈≈.......##,,,,≈≈
.≈≈≈≈≈≈≈≈≈≈≈≈≈≈≈≈≈≈≈≈.....##,,,≈≈
≈≈≈≈#####≈≈≈≈#####≈≈≈≈≈....##,,≈≈
≈≈≈##,,*##≈≈##*,,##≈≈≈≈≈....#*,≈≈
≈≈≈#,,,+,####,+,,,#≈≈≈≈≈≈...#*,≈≈
≈≈≈#,,,*+**##+*,,,#≈≈≈≈≈≈...#*,≈≈
≈≈≈#****,,*#..#####≈≈≈≈≈≈≈..#,,≈≈
≈≈.+,,,+,,*#φ.'...'.≈≈≈≈≈≈≈.#,≈≈≈
≈≈.+,,,+,,*#..'.@C'.≈≈≈≈≈≈≈.#,≈≈≈
≈≈≈#****,,*#..#####≈≈≈≈≈≈≈≈.#,≈≈≈
≈≈≈#,,,*+**#*+*,,,#≈≈≈≈≈≈≈..#,,≈≈
≈≈≈#,,,+,*###,+,,,#≈≈≈≈≈≈...#*,≈≈
≈≈≈##,,*##≈≈##*,,##≈≈≈≈≈≈...#*,≈≈
≈≈≈≈#####≈≈≈≈#####≈≈≈≈≈≈....#*.≈≈
≈≈≈≈≈≈≈≈≈≈≈≈≈≈≈≈≈≈≈≈≈≈≈....##..≈≈
.≈≈≈≈≈≈≈≈≈≈≈≈≈≈≈≈≈≈≈≈.....##...≈≈
....≈≈≈≈≈≈≈≈≈≈≈≈≈≈.......##....≈≈


You could see Antaeus.

Vanquished Creatures
  the Royal Jelly (Slime:6)
  Dissolution (Slime:5)
  Khufu (Tomb:1)
  Mennas (Vaults:4)
  4 ancient liches
  33 greater mummies
  the Lernaean hydra (Swamp:4)
  7 shard shrikes
  Saint Roka (Vaults:1)
  Geryon (Hell)
  Jory (Crypt:2)
  Nikola (Vaults:1)
  The ghost of namelastname112 the Gelid, an adept DrIE of Sif Muna (Vaults:3)
  5 golden dragons
  A Tzitzimitl (Coc:6)
  8 liches
  3 bone dragons
  Jorgrun (Depths:3)
  7 Ice Fiends (Coc:7)
  A hellephant (Hell)
  2 deep elf master archers (Elf:3)
  2 deep elf blademasters
  20 acid blobs
  Murray (Hell)
  6 titans
  5 quicksilver dragons
  A quicksilver dragon (shapeshifter) (Depths:2)
  13 sphinxes
  6 tentacled starspawn
  2 eldritch tentacles
  Gastronok (D:8)
  An Executioner (WizLab)
  6 ancient champions
  4 thorn hunters
  6 tengu reavers
  8 shadow dragons
  3 revenants
  7 storm dragons
  8 greater nagas
  11 azure jellies
  Donald (Orc:2)
  10 fire giants
  4 iron dragons
  16 frost giants
  2 balrugs
  2 cacodemons
  15 vault wardens
  A draconian zealot (Depths:5)
  7 deep elf sorcerers
  Aizul (Elf:2)
  The ghost of pedritolo the Tortoise, a journeyman MiAs of Okawaru (Depths:1)
  2 ghouls (Crypt:3)
  A spriggan defender (Depths:5)
  2 war gargoyles
  2 curse skulls
  A deep elf elementalist (Elf:3)
  A caustic shrike skeleton (Crypt:1)
  14 reapers
  15 ironheart preservers
  A green draconian (Depths:5)
  24 stone giants
  11 very ugly things
  2 draconian callers (Depths:5)
  9 vampire knights
  7 elemental wellsprings
  9 deep elf demonologists
  5 salamander stormcallers
  A red draconian (Depths:5)
  The ghost of namelastname112 the Covert, a journeyman DrAs of Gozag (Orc:2)
  6 deep elf annihilators
  15 dire elephants
  3 white draconians (Depths:5)
  2 spark wasps (Depths:2)
  4 lorocyprocas
  3 mottled draconians (Depths:5)
  4 yellow draconians (Depths:5)
  2 black draconians (Depths:5)
  2 purple draconians (Depths:5)
  9 bennus
  8 eidola
  17 deep elf death magi
  Snorg (Lair:8)
  A green death (Abyss:1)
  8 ettins
  35 vault guards
  A quicksilver dragon zombie (Coc:6)
  11 blizzard demons
  A merfolk impaler (Depths:5)
  5 death oozes
  A minotaur (Lab)
  8 fire dragons
  A spectral golden dragon (Crypt:3)
  14 jiangshi
  31 mummy priests
  88 slime creatures
  6 deep elf high priests
  3 rakshasas
  4 entropy weavers (Depths:4)
  A kraken zombie (Coc:3)
  The ghost of pedritolo the Grappler, a journeyman MiAs of Okawaru (D:12)
  Harold (D:10)
  Fannar (D:11)
  20 ice dragons
  17 yaktaur captains
  4 spriggan air magi
  3 quicksilver dragon skeletons
  2 spectral shadow dragons (Crypt:3)
  13 great orbs of eyes
  28 hydras
  A ghost crab (shapeshifter) (Vaults:5)
  14 naga warriors
  A caustic shrike simulacrum (Depths:2)
  A juggernaut simulacrum (Depths:2)
  The ghost of WildSam the Cruncher, a journeyman DsGl of Yredelemnul (Lair:2)
  10 centaur warriors
  19 anacondas
  2 ghost crabs
  7 death knights
  A spectral frost giant (Crypt:3)
  A spectral stone giant (Crypt:3)
  13 alligators
  8 deep troll shamans
  14 ogre magi
  17 tengu warriors
  9 vampire magi
  18 deep troll earth magi
  28 dancing weapons
  10 spriggan berserkers
  9 naga sharpshooters
  A death yak (Lair:8)
  A titan zombie (Tomb:2)
  3 shock serpents
  Urug (Lair:1)
  5 thrashing horrors
  4 orc high priests
  2 spectral storm dragons (Crypt:3)
  5 soul eaters
  13 hell knights
  13 spriggans
  Sonja (Lair:1)
  2 storm dragon zombies
  12 sun demons
  Nergalle (Lair:4)
  55 skeletal warriors
  19 deep elf knights
  A spectral emperor scorpion (Crypt:3)
  A salamander mystic (Snake:3)
  2 deep trolls (shapeshifter)
  5 iron trolls
  9 shadow wraiths
  12 wretched stars
  5 unseen horrors
  39 deep trolls
  6 swamp dragons
  2 fire crabs
  5 anaconda zombies
  6 wizards
  A spectral anaconda (Crypt:3)
  2 ghost moth zombies
  A sea snake (Snake:2)
  20 death scarabs
  3 spriggan druids
  2 spectral hydras (Crypt:3)
  9 giant orange brains
  9 flayed ghosts
  A spatial maelstrom (Abyss:3)
  3 storm dragon skeletons
  8 naga ritualists
  Pikel (D:8)
  A shadow demon (WizLab)
  The ghost of firewing11 the Cleaver, a novice MiFi of the Shining One (D:7)
  5 hill giants
  29 deep elf archers
  A tengu zombie (Vaults:5)
  3 spectral iron dragons (Crypt:3)
  A shambling mangrove (Swamp:3)
  5 harpies (Vaults:4)
  15 necromancers
  3 iron dragon zombies
  13 anubis guards
  20 phantasmal warriors
  15 orc knights
  2 anaconda skeletons
  2 shadow dragon zombies
  5 hornets
  15 ironbrand convokers
  A fire giant zombie (Coc:6)
  7 orc sorcerers
  3 oklob plants
  4 frost giant zombies
  7 mana vipers
  A wolf spider (shapeshifter) (Vaults:4)
  An apis zombie (Crypt:1)
  A human zombie (Vaults:5)
  66 deep elf magi
  A spectral alligator (Crypt:3)
  A spectral ice dragon (Crypt:3)
  4 shining eyes
  4 griffons
  2 wolf spiders
  47 ugly things
  A dire elephant zombie (Coc:2)
  5 cyclopes
  A shadow dragon skeleton (Coc:7)
  A spectral fire dragon (Crypt:3)
  A manticore (D:11)
  2 human skeletons
  12 salamanders
  A hornet (shapeshifter) (Depths:1)
  2 sixfirhies
  2 wolf spider zombies (Coc:1)
  A stone giant zombie (Vaults:5)
  A salamander (shapeshifter) (Depths:4)
  9 elephants
  Maurice (D:13)
  51 black mambas
  A frost giant skeleton (Coc:6)
  4 guardian serpents
  2 iron dragon skeletons
  15 vault sentinels
  An elephant (shapeshifter) (Vaults:5)
  6 stone giant skeletons
  A water nymph (shapeshifter) (Depths:4)
  An apocalypse crab (Abyss:5)
  A shock serpent zombie (Coc:7)
  27 naga magi
  9 rust devils
  A shock serpent skeleton (Coc:7)
  5 ice statues
  A guardian serpent (shapeshifter) (Depths:4)
  A titan simulacrum (Coc:7)
  6 smoke demons
  24 spiny frogs
  4 orange demons
  2 storm dragon simulacra (Crypt:3)
  5 gargoyles
  An eye of devastation (shapeshifter) (Depths:4)
  A torpor snail (Lair:7)
  2 rime drakes (shapeshifter)
  A demonic crawler (Hell)
  2 kobold demonologists
  4 dire elephant skeletons
  4 tengu conjurers
  47 yaktaurs
  A redback zombie (Crypt:3)
  9 rime drakes
  2 efreet (Depths:2)
  A spectral putrid demonspawn (Crypt:3)
  17 komodo dragons
  2 tormentors
  38 guardian mummies
  10 hydra zombies
  A yellow draconian skeleton (Coc:6)
  2 hellwings
  31 ice devils
  43 freezing wraiths
  2 jumping spiders (shapeshifter)
  A mottled draconian skeleton (Crypt:1)
  6 ancient zymes
  4 trolls
  4 anaconda simulacra
  8 red devils
  3 queen bees
  A death drake zombie (Crypt:2)
  2 harpy zombies
  2 jumping spiders
  A troll (shapeshifter) (Vaults:3)
  2 polar bears
  A giant leech (shapeshifter) (Depths:4)
  A shadow dragon simulacrum (Hell)
  29 blink frogs
  26 ushabtiu
  11 raiju
  20 two-headed ogres
  5 giant leeches
  A hornet zombie (Crypt:3)
  A jumping spider zombie (Crypt:2)
  5 alligator zombies
  6 hydra skeletons
  8 bog bodies
  5 boulder beetles
  2 ettin zombies
  A spectral manticore (Crypt:3)
  A centaur simulacrum (D:13)
  4 alligator skeletons
  10 shadows
  8 air elementals
  A black mamba zombie (Coc:7)
  2 fire dragon skeletons
  22 water elementals
  3 fire dragon zombies
  2 stone giant simulacra
  An ettin skeleton (Tomb:3)
  4 ice dragon skeletons
  19 wraiths
  2 ynoxinuls
  11 redbacks
  A vampire (D:15)
  78 flying skulls
  2 tarantellas (shapeshifter)
  A spriggan (shapeshifter) (Depths:1)
  6 wyverns
  A wind drake zombie (Crypt:3)
  41 yaks
  A golden eye (shapeshifter) (Depths:1)
  A steam dragon (Lair:2)
  A black mamba skeleton (Coc:4)
  A spectral elf (Crypt:3)
  3 basilisks
  6 neqoxecs
  An emperor scorpion simulacrum (Coc:6)
  2 catoblepas simulacra
  2 human simulacra
  4 hungry ghosts
  5 fire elementals
  A hill giant skeleton (Crypt:1)
  22 vampire mosquitoes
  6 chaos spawn
  A mottled dragon (Vaults:2)
  9 hippogriffs
  2 hippogriffs (shapeshifter) (Vaults:5)
  11 swamp worms
  A torturous demonspawn zombie (Crypt:3)
  10 wargs
  17 insubstantial wisps
  A spatial vortex (Abyss:3)
  A gelid demonspawn skeleton (Crypt:2)
  A merfolk zombie (Coc:2)
  A soldier ant (D:10)
  41 nagas
  4 hell hounds (Depths:2)
  14 large abominations
  7 spiny frog zombies
  5 hydra simulacra
  20 water moccasins
  10 porcupines
  10 swamp drakes
  25 ice beasts
  6 sky beasts
  3 black bears
  36 orc warriors
  A slave (D:8)
  14 wasps
  7 phantoms
  An anubis guard zombie (Crypt:1)
  8 boggarts
  2 spiny frog skeletons
  3 eyes of draining (shapeshifter)
  14 eyes of draining
  2 necrophages
  2 alligator simulacra
  2 snapping turtle skeletons
  57 ogres
  A manticore zombie (Coc:1)
  2 ettin simulacra
  21 centaurs
  9 wolves
  A blink frog skeleton (Crypt:2)
  A torpor snail zombie (Crypt:3)
  21 crocodiles
  3 elf zombies (Elf:1)
  3 big kobolds
  23 giant frogs
  4 small abominations
  A giant frog (shapeshifter) (Vaults:5)
  An earth elemental (Elf:2)
  A wyvern zombie (D:10)
  2 glowing shapeshifter simulacra
  A spiny frog simulacrum (Coc:6)
  2 water moccasin skeletons
  48 killer bees
  7 wights
  A hippogriff skeleton (Crypt:3)
  7 howler monkeys
  9 crimson imps
  7 centaur zombies
  2 giant frog zombies
  16 starcursed masses (Abyss:1)
  4 quasits
  22 jellies
  7 hounds
  2 iron imps
  17 orc priests
  34 orc wizards
  5 centaur skeletons
  5 hell rats (Hell)
  Ijyb (D:2)
  9 iguanas
  9 worker ants
  26 sheep
  A felid zombie (Crypt:3)
  An ogre zombie (Tomb:2)
  2 hound skeletons
  65 mummies
  2 worker ant zombies
  A hell rat zombie (Crypt:2)
  A gnoll (shapeshifter) (Vaults:5)
  5 gnolls
  14 adders
  65 river rats
  2 shadow imps
  11 white imps
  An ufetubus (Abyss:1)
  An ooze (D:3)
  2 adder skeletons
  2 worms (D:3)
  A dart slug (D:1)
  10 giant geckos
  101 orcs
  A ball python (Snake:2)
  A bat skeleton (Crypt:2)
  8 giant cockroaches
  7 goblins
  7 hobgoblins
  21 jackals
  32 kobolds
  3 quokkas
  9 bats
  A giant gecko zombie (D:9)
  10 giant newts
  2 jackal zombies
  7 rats
  10 briar patches (Swamp:3)
  2 crawling corpses (Elf:3)
  12 fungi
  9 plants
  8 starspawn tentacles
3490 creatures vanquished.

Vanquished Creatures (collateral kills)
  A hydra (D:15)
  A tengu warrior (Depths:2)
  A spriggan berserker (Depths:2)
  A giant orange brain (Depths:2)
  An orc knight (Orc:2)
5 creatures vanquished.

Vanquished Creatures (others)
  A sphinx (Tomb:1)
  A bennu (Tomb:2)
  A hell hog (shapeshifter) (Vaults:5)
  A storm dragon zombie (Tomb:2)
  16 death scarabs
  An anubis guard (Tomb:2)
  2 ugly things (Vaults:1)
  An iron dragon skeleton (Tomb:2)
  A shock serpent zombie (Tomb:2)
  A stone giant skeleton (Tomb:2)
  A smoke demon (Abyss:1)
  A freezing wraith (Vaults:5)
  A hydra zombie (Coc:7)
  A giant leech (Swamp:4)
  An ushabti (Tomb:2)
  A hydra skeleton (Tomb:2)
  4 flying skulls (Tomb:2)
  A spriggan (Swamp:3)
  A shadow (Depths:2)
  A water elemental (Elf:2)
  A hippogriff (D:2)
  A giant eyeball (Depths:2)
  3 slaves (D:8)
  A spiny frog skeleton (Tomb:2)
  A wasp (Depths:3)
  An orc wizard (Orc:2)
  An orc priest (D:8)
  2 mummies (Tomb:2)
  An orc (Orc:2)
  A quokka (D:8)
  7 eldritch tentacle segments (Coc:7)
  80 fungi
  7 lost souls
  61 plants
  14 starspawn tentacles
  88 starspawn tentacle segments
  4 tentacles (Coc:3)
313 creatures vanquished.

Grand Total: 3808 creatures vanquished

Notes
Turn   | Place    | Note
--------------------------------------------------------------
     0 | D:1      | manyhoops the Demonspawn Gladiator began the quest for the Orb.
     0 | D:1      | Reached XP level 1. HP: 16/16 MP: 1/1
   195 | D:1      | Gained mutation: You are partially covered in sharp spines. [demonic ancestry]
   195 | D:1      | Reached XP level 2. HP: 12/23 MP: 2/2
   293 | D:1      | Gained mutation: You regenerate a little health from kills. [demonic ancestry]
   293 | D:1      | Reached XP level 3. HP: 22/28 MP: 3/3
   773 | D:2      | Noticed Ijyb
   790 | D:2      | Killed Ijyb
   790 | D:2      | Gained mutation: You have sharp toenails. [demonic ancestry]
   790 | D:2      | Reached XP level 4. HP: 26/34 MP: 4/4
   794 | D:2      | Reached skill level 1 in Armour
   863 | D:2      | Found an oddly glowing altar of Pakellas.
   863 | D:2      | Noticed an orange crystal statue
   866 | D:2      | Noticed a hippogriff
   883 | D:2      | Killed a hippogriff
   998 | D:2      | Found a blossoming altar of Fedhas.
   998 | D:2      | Found a white marble altar of Elyvilon.
  1040 | D:2      | Reached skill level 3 in Fighting
  1060 | D:2      | Gained mutation: You have razor-sharp toenails. [demonic ancestry]
  1060 | D:2      | Reached XP level 5. HP: 41/41 MP: 5/5
  1375 | D:3      | Found a blossoming altar of Fedhas.
  1566 | D:3      | Reached XP level 6. HP: 48/48 MP: 6/6
  1632 | D:3      | Reached skill level 4 in Fighting
  1913 | D:4      | Got a clouded wooden ring
  2008 | D:4      | Found Zunifuba's Gadget Shop.
  2008 | D:4      | Noticed a sky beast
  2043 | D:3      | Identified the ring "Yzyewk" {rC++ Str+2 Int+7} (You found it on level 4 of the Dungeon)
  2079 | D:4      | Reached skill level 5 in Axes
  2161 | D:4      | Found Resownoid's Magic Scroll Shop.
  2169 | D:4      | Bought a scroll of identify for 20 gold pieces
  2169 | D:4      | Bought a scroll of identify for 20 gold pieces
  2169 | D:4      | Bought a scroll of identify for 20 gold pieces
  2169 | D:4      | Bought a scroll of enchant weapon for 75 gold pieces
  2362 | D:4      | Found Janauroj's Gadget Boutique.
  2384 | D:4      | Killed a sky beast
  2384 | D:4      | Gained mutation: You are mostly covered in sharp spines. [demonic ancestry]
  2384 | D:4      | Reached XP level 7. HP: 53/55 MP: 7/7
  2464 | D:4      | Found an opulent altar of Gozag.
  2464 | D:4      | Found a glowing golden altar of the Shining One.
  2464 | D:4      | Found a shattered altar of Ashenzari.
  2464 | D:4      | Found a bloodstained altar of Trog.
  2481 | D:4      | Found a radiant altar of Vehumet.
  2482 | D:4      | Found a basalt altar of Yredelemnul.
  2822 | D:5      | Entered Level 5 of the Dungeon
  3085 | D:5      | Reached skill level 5 in Fighting
  3591 | D:6      | Found Feipiteh's Armour Boutique.
  3631 | D:6      | Reached XP level 8. HP: 60/63 MP: 8/8
  3746 | D:6      | Reached skill level 5 in Armour
  3964 | D:7      | Reached skill level 6 in Fighting
  3968 | D:7      | Noticed firewing11's ghost (novice MiFi)
  4103 | D:7      | Reached XP level 9. HP: 68/71 MP: 9/9
  4136 | D:7      | Killed firewing11's ghost
  4476 | D:7      | Reached skill level 7 in Fighting
  4637 | D:7      | Found a staircase to the Ecumenical Temple.
  4851 | Temple   | Entered the Ecumenical Temple
  4861 | Temple   | Became a worshipper of Warmaster Okawaru
  4948 | D:8      | Noticed Pikel
  4958 | D:8      | Killed Pikel
  4997 | D:8      | Noticed Gastronok
  5014 | D:8      | Killed Gastronok
  5014 | D:8      | Reached * piety under Okawaru
  5014 | D:8      | Reached ** piety under Okawaru
  5014 | D:8      | Reached skill level 8 in Fighting
  5014 | D:8      | Reached XP level 10. HP: 30/82 MP: 10/10
  5181 | D:8      | Found a staircase to the Lair.
  5607 | D:9      | Reached skill level 9 in Fighting
  5640 | D:9      | Reached *** piety under Okawaru
  5844 | D:9      | Reached skill level 1 in Invocations
  5871 | D:9      | Reached skill level 10 in Axes
  6260 | D:10     | Entered Level 10 of the Dungeon
  6342 | D:10     | Gained mutation: You are partially covered in thin metallic scales (AC +2). [demonic ancestry]
  6342 | D:10     | Reached XP level 11. HP: 89/89 MP: 12/12
  6353 | D:10     | Reached **** piety under Okawaru
  6402 | D:10     | Killed an unseen horror
  6520 | D:10     | Reached ***** piety under Okawaru
  6538 | D:10     | Noticed Harold
  6657 | D:10     | Killed Harold
  6801 | D:11     | Reached skill level 10 in Fighting
  7030 | D:11     | Reached skill level 5 in Invocations
  7042 | D:11     | Noticed Fannar
  7068 | D:11     | Killed Fannar
  7252 | D:11     | Found a staircase to the Orcish Mines.
  7345 | D:11     | Noticed a seven-headed hydra
  7353 | D:11     | Killed a seven-headed hydra
  7520 | D:11     | Gained mutation: You have claws for feet. [demonic ancestry]
  7520 | D:11     | Reached XP level 12. HP: 96/99 MP: 16/16
  7635 | Orc:1    | Entered Level 1 of the Orcish Mines
  7640 | Orc:1    | Found Dies's Weapon Emporium.
  7972 | Orc:1    | Found Lianoxtu's Magic Scroll Emporium.
  7998 | Orc:1    | Bought a scroll of identify for 26 gold pieces
  7998 | Orc:1    | Bought a scroll of identify for 26 gold pieces
  8043 | Orc:1    | Found Ucwumid's General Store.
  8054 | Orc:1    | Bought a potion of cure mutation for 375 gold pieces
  8054 | Orc:1    | Gained mutation: You are agile. (Dex +2) [potion of mutation]
  8054 | Orc:1    | Gained mutation: You evolve. [potion of mutation]
  8054 | Orc:1    | Gained mutation: Your flesh is cold resistant. [potion of mutation]
  8148 | Orc:2    | Entered Level 2 of the Orcish Mines
  8305 | Lair:1   | Entered Level 1 of the Lair of Beasts
  8743 | Lair:1   | Noticed Urug
  8761 | Lair:1   | Killed Urug
  8761 | Lair:1   | Received a gift from Okawaru
  8761 | Lair:1   | Reached skill level 10 in Armour
  9018 | Lair:1   | Noticed a five-headed hydra
  9023 | Lair:1   | Noticed Sonja
  9028 | Lair:1   | Killed a five-headed hydra
  9035 | Lair:1   | Killed Sonja
  9767 | Lair:1   | Reached skill level 11 in Fighting
 10353 | Lair:2   | Noticed WildSam's ghost (journeyman DsGl)
 10374 | Lair:2   | Killed WildSam's ghost
 10467 | Lair:2   | Got an encrusted helmet
 10498 | Lair:2   | Identified the cursed +0 helmet of the Forsaken Deaths {rPois} (You found it on level 2 of the Lair of Beasts)
 11018 | Lair:3   | Gained mutation: Your movements are slightly less encumbered by armour (ER -2). [evolution]
 11060 | Lair:3   | Found a frozen archway.
 11075 | Lair:3   | Gained mutation: You are mostly covered in thin metallic scales (AC +3). [demonic ancestry]
 11075 | Lair:3   | Reached XP level 13. HP: 106/106 MP: 19/19
 11084 | IceCv    | Entered an ice cave
 11269 | Lair:3   | Found a labyrinth entrance.
 11278 | Lab      | Entered a labyrinth
 11470 | Lab      | Noticed a minotaur
 11475 | Lab      | Killed a minotaur
 11649 | Lair:3   | Received a gift from Okawaru
 12376 | Lair:4   | Reached skill level 12 in Fighting
 12421 | Lair:4   | Noticed Nergalle
 12431 | Lair:4   | Killed Nergalle
 13153 | Lair:5   | Found a staircase to the Snake Pit.
 13326 | Lair:5   | Found a staircase to the Swamp.
 13931 | Lair:6   | Found a viscous altar of Jiyva.
 13975 | Lair:6   | Found a staircase to the Slime Pits.
 15007 | Lair:7   | Gained mutation: You are completely covered in sharp spines. [demonic ancestry]
 15007 | Lair:7   | Reached XP level 14. HP: 96/116 MP: 20/20
 15368 | Lair:7   | Received a gift from Okawaru
 15486 | Lair:8   | Entered Level 8 of the Lair of Beasts
 15496 | Lair:8   | Noticed Snorg
 15521 | Lair:8   | Killed Snorg
 15521 | Lair:8   | Reached skill level 13 in Fighting
 15622 | Lair:8   | Gained mutation: You are resistant to hostile enchantments. [evolution]
 16373 | Lair:8   | Found a burning altar of Makhleb.
 16499 | Lair:8   | Found a gateway to Hell.
 16510 | Lair:8   | Got a bloodstained broad axe
 16512 | Lair:8   | Identified the +1 broad axe "Yclap" {venom, *Contam rF+ rN+ SInv} (You found it on level 8 of the Lair of Beasts)
 16516 | Hell     | Entered the Vestibule of Hell
 16516 | Hell     | Noticed Geryon
 16523 | Lair:8   | Reached ****** piety under Okawaru
 16829 | Orc:2    | Received a gift from Okawaru
 16845 | Orc:2    | Found a staircase to the Elven Halls.
 16846 | Orc:2    | Noticed namelastname112's ghost (journeyman DrAs)
 16864 | Orc:2    | Killed namelastname112's ghost
 17065 | Orc:1    | Found Gilets's Antique Weapon Emporium.
 17178 | Orc:1    | Found Miclef's Magic Scroll Emporium.
 17202 | Orc:1    | Bought a scroll of enchant armour for 82 gold pieces
 17202 | Orc:1    | Bought a scroll of enchant weapon for 82 gold pieces
 17202 | Orc:1    | Bought a scroll of brand weapon for 220 gold pieces
 17362 | Orc:2    | Found a burning altar of Makhleb.
 17494 | Orc:2    | Noticed Donald
 17506 | Orc:2    | Killed Donald
 17506 | Orc:2    | Gained mutation: You are robust (+10% HP). [demonic ancestry]
 17506 | Orc:2    | Reached XP level 15. HP: 98/137 MP: 14/21
 17514 | Orc:2    | Received a gift from Okawaru
 17515 | Orc:2    | Got a smoking shield {Donald}
 17522 | Orc:2    | Identified the cursed +0 shield "Zimaem" {rC- Str+8 Int-3 Dex+9} (You took it off Donald on level 2 of the Orcish Mines)
 17554 | Orc:2    | Found Noige Agu's Antique Armour Boutique.
 17563 | Orc:2    | Reached skill level 1 in Shields
 17624 | Orc:2    | Found Rofoth's Magic Scroll Emporium.
 17643 | Orc:2    | Found Yfav's Jewellery Emporium.
 17651 | Orc:2    | Found Kaoreug's Gadget Boutique.
 17657 | Orc:2    | Bought a scroll of enchant weapon for 97 gold pieces
 17657 | Orc:2    | Bought a scroll of teleportation for 39 gold pieces
 17657 | Orc:2    | Bought a scroll of identify for 26 gold pieces
 17700 | Orc:2    | Bought the cursed ring of Day {-Tele rN++ MP+9 EV-6 Dex+3} for 176 gold pieces
 17702 | Orc:2    | Bought a pair of runed gloves for 135 gold pieces
 17702 | Orc:2    | Bought a runed plate armour for 690 gold pieces
 17836 | Elf:1    | Entered Level 1 of the Elven Halls
 17859 | Elf:1    | Reached skill level 5 in Shields
 17973 | Elf:1    | Received a gift from Okawaru
 17992 | Elf:1    | You fall through a shaft!
 18523 | D:12     | Noticed pedritolo's ghost (journeyman MiAs)
 18544 | D:12     | Killed pedritolo's ghost
 18544 | D:12     | Reached skill level 14 in Fighting
 18648 | D:12     | Reached skill level 15 in Axes
 18854 | D:12     | You fall through a shaft for 2 floors!
 19159 | D:14     | Received a gift from Okawaru
 19231 | D:14     | Got a heavily runed ring mail {god gift}
 19236 | D:14     | Found a gate to the Vaults.
 19379 | D:14     | Gained mutation: Your muscles are strong. (Str +2) [evolution]
 19618 | D:14     | Learned a level 1 spell: Apportation
 19681 | D:13     | Noticed Maurice
 19686 | D:13     | Killed Maurice
 19714 | D:13     | Gained mutation: You regenerate health from kills. [demonic ancestry]
 19714 | D:13     | Reached XP level 16. HP: 146/146 MP: 22/22
 20931 | D:15     | Entered Level 15 of the Dungeon
 21099 | D:15     | Found a shadowy altar of Dithmenos.
 21145 | D:15     | Identified the +4 ring mail of Unreason {rPois Regen+ Int+2} (Okawaru gifted it to you on level 14 of the Dungeon)
 21352 | D:15     | Found Dubo's Antique Armour Emporium.
 21360 | D:15     | Bought a glowing cloak for 157 gold pieces
 21546 | D:15     | Found a staircase to the Depths.
 22186 | Snake:1  | Entered Level 1 of the Snake Pit
 22271 | Snake:1  | Found Rat Homp's Book Shop.
 22384 | Snake:1  | Identified a scroll of acquirement
 22461 | Snake:1  | Got a scorched scale mail
 22482 | Snake:1  | Identified the cursed +1 scale mail of Kieqadia {+Blink rC+++ Regen+ Str-4} (You found it on level 1 of the Snake Pit)
 22625 | Snake:2  | Received a gift from Okawaru
 22703 | Snake:2  | Found a runed gate.
 22703 | Snake:2  | Found a runed gate.
 22703 | Snake:2  | Found a runed gate.
 22902 | Snake:2  | Found Muyddum's Gadget Shop.
 23214 | Snake:2  | Got an ancient executioner's axe
 23215 | Snake:2  | Identified the +9 executioner's axe "Daihiuf" {speed, MR+ Dex+4} (You acquired it on level 2 of the Snake Pit)
 23287 | Snake:2  | Gained mutation: You regenerate a lot of health from kills. [demonic ancestry]
 23287 | Snake:2  | Reached XP level 17. HP: 98/152 MP: 15/23
 23299 | Snake:2  | Received a gift from Okawaru
 23614 | Snake:3  | Received a gift from Okawaru
 23638 | Snake:3  | Got an ancient war axe {god gift}
 23640 | Snake:3  | Identified the +7 war axe of Conscience {chop, Str+3 Stlth+} (Okawaru gifted it to you on level 3 of the Snake Pit)
 23971 | Snake:3  | Found Plog's Book Boutique.
 24379 | Snake:4  | Entered Level 4 of the Snake Pit
 24845 | Snake:4  | Received a gift from Okawaru
 24919 | Snake:4  | Received a gift from Okawaru
 25032 | Snake:4  | Got a serpentine rune of Zot
 25313 | Snake:2  | Gained mutation: You are completely covered in thin metallic scales (AC +4, rElec). [demonic ancestry]
 25313 | Snake:2  | Reached XP level 18. HP: 150/161 MP: 24/24
 25858 | Elf:1    | Found Mal Geci's General Store.
 25883 | Elf:1    | Received a gift from Okawaru
 25886 | Elf:1    | Got an encrusted battleaxe {god gift}
 25889 | Elf:1    | Identified the +10 battleaxe of Honour {flame, rPois Str+3 Int+3 Stlth-} (Okawaru gifted it to you on level 1 of the Elven Halls)
 25903 | Elf:1    | Bought a scroll of teleportation for 51 gold pieces
 26071 | Elf:1    | Reached skill level 15 in Fighting
 26075 | Elf:1    | Found a deep blue altar of Sif Muna.
 26140 | Elf:1    | Identified the Incunabulum of Black Rites
 26246 | Elf:1    | Lost mutation: You evolve. [end of evolution]
 26504 | Elf:2    | Found a huge runed gate.
 26504 | Elf:2    | Found a huge runed gate.
 26504 | Elf:2    | Found a huge runed gate.
 26504 | Elf:2    | Found a huge runed gate.
 26504 | Elf:2    | Found a huge runed gate.
 26571 | Elf:2    | Found Caxadgh's Antique Armour Boutique.
 26748 | Elf:2    | Noticed Aizul
 26755 | Elf:2    | Received a gift from Okawaru
 26761 | Elf:2    | Killed Aizul
 27363 | Elf:3    | Entered Level 3 of the Elven Halls
 27824 | Elf:3    | Reached skill level 15 in Armour
 27959 | Elf:3    | Reached XP level 19. HP: 172/172 MP: 25/25
 28163 | Elf:3    | Reached skill level 1 in Evocations
 28165 | Elf:3    | Got a clouded marble ring
 28167 | Elf:3    | Identified the cursed ring "Inashigh" {rF++ Str-2 Int+5 Dex-3} (You took it off a deep elf sorcerer on level 3 of the Elven Halls)
 28192 | Elf:3    | Received a gift from Okawaru
 28666 | Elf:2    | Reached skill level 16 in Fighting
 28730 | Elf:3    | Noticed a Tzitzimitl
 29014 | Elf:3    | Reached skill level 5 in Evocations
 29014 | Elf:3    | Reached XP level 20. HP: 181/181 MP: 26/26
 29164 | Elf:3    | Got a faintly glowing war axe {vamp}
 29165 | Elf:3    | Identified the +5 war axe of the Bear {vamp, *Corrode rPois rN+ Int+2} (You took it off a deep elf demonologist on level 3 of the Elven Halls)
 29172 | Elf:3    | Got a flickering pewter ring
 29174 | Elf:3    | Identified the ring of Vuyph {rCorr rElec rPois} (You took it off a deep elf blademaster on level 3 of the Elven Halls)
 29552 | Swamp:1  | Entered Level 1 of the Swamp
 30243 | Swamp:2  | Received a gift from Okawaru
 31601 | Swamp:4  | Entered Level 4 of the Swamp
 31632 | Swamp:4  | Got a brightly glowing morningstar
 31643 | Swamp:4  | Identified the +2 morningstar of Hepawn {crush, rC++ Int-2} (You found it on level 4 of the Swamp)
 31747 | Swamp:4  | Reached skill level 17 in Fighting
 31812 | Swamp:4  | Noticed the 27-headed Lernaean hydra
 31826 | Swamp:4  | Killed the 23-headed Lernaean hydra
 31826 | Swamp:4  | Received a gift from Okawaru
 31843 | Swamp:4  | Gained mutation: You are very robust (+20% HP). [demonic ancestry]
 31843 | Swamp:4  | Reached XP level 21. HP: 184/208 MP: 22/27
 31857 | Swamp:4  | Got a jewelled war axe {god gift}
 31859 | Swamp:4  | Identified the +5 war axe of Flawed Execution {chop, rC+ Dex+4} (Okawaru gifted it to you on level 4 of the Swamp)
 32273 | Swamp:4  | Got a transparent chain mail
 32284 | Swamp:4  | Identified the +4 chain mail of Ketef {rPois} (You found it on level 4 of the Swamp)
 32371 | Swamp:4  | Got a steaming buckler
 32372 | Swamp:4  | Identified the +1 buckler of the Tundras {-Cast +Fly Int+3} (You found it on level 4 of the Swamp)
 32526 | Swamp:4  | Got a decaying rune of Zot
 33018 | Vaults:1 | Entered Level 1 of the Vaults
 33262 | Vaults:1 | Noticed Nikola
 33280 | Vaults:1 | Killed Nikola
 33280 | Vaults:1 | Received a gift from Okawaru
 33388 | Vaults:1 | Noticed Saint Roka
 33405 | Vaults:1 | Killed Saint Roka
 33421 | Vaults:1 | Reached skill level 18 in Fighting
 33941 | Vaults:1 | Received a gift from Okawaru
 34368 | Vaults:2 | Found Biti's Armour Boutique.
 34411 | Vaults:2 | Found Arghalar's Gadget Boutique.
 34428 | Vaults:2 | Found Pousiate's Gadget Shoppe.
 34609 | Vaults:2 | Reached skill level 10 in Evocations
 34834 | Vaults:2 | Found a staircase to the Crypt.
 35357 | Vaults:2 | Found Ilumup's Antique Armour Shoppe.
 35359 | Vaults:2 | Found Onoc's Gadget Shoppe.
 35368 | Vaults:2 | Received a gift from Okawaru
 35697 | Vaults:3 | Found a magical portal.
 35706 | WizLab   | Entered Doroklohe's Tomb
 36012 | WizLab   | Reached XP level 22. HP: 195/220 MP: 27/31
 36290 | Vaults:3 | Noticed namelastname112's ghost (adept DrIE)
 36319 | Vaults:3 | Killed namelastname112's ghost
 37169 | Vaults:3 | Received a gift from Okawaru
 37252 | Vaults:4 | Reached skill level 5 in Dodging
 37364 | Vaults:4 | Noticed Mennas
 37382 | Vaults:4 | Killed Mennas
 37856 | Vaults:4 | Reached skill level 10 in Dodging
 38390 | Vaults:4 | Identified Jakene's Handbook of the Blaze and Stones
 38473 | Vaults:4 | Identified a +4 rod of inaccuracy (10/10) (You found it on level 4 of the Vaults)
 38665 | Vaults:4 | Received a gift from Okawaru
 39786 | Depths:1 | Entered Level 1 of the Depths
 39798 | Depths:1 | Noticed pedritolo's ghost (journeyman MiAs)
 39817 | Depths:1 | Killed pedritolo's ghost
 39839 | Depths:1 | Found a one-way gate to the infinite horrors of the Abyss.
 39880 | Depths:1 | Reached XP level 23. HP: 230/230 MP: 30/33
 40248 | Depths:1 | Reached skill level 19 in Fighting
 40356 | Depths:1 | Received a gift from Okawaru
 40359 | Depths:1 | Got a transparent dire flail {god gift}
 40360 | Depths:1 | Identified the +0 dire flail of Magnificence {speed, MR+ Int+2} (Okawaru gifted it to you on level 1 of the Depths)
 40924 | Depths:2 | Found a white marble altar of Elyvilon.
 41087 | Depths:2 | Found a basalt altar of Yredelemnul.
 41154 | Depths:2 | Received a gift from Okawaru
 41164 | Depths:2 | HP: 3/232 [yaktaur/bolt (13)]
 41447 | Depths:2 | Found a deep blue altar of Sif Muna.
 41793 | Depths:2 | Received a gift from Okawaru
 41800 | Depths:2 | Found a blossoming altar of Fedhas.
 42141 | Depths:2 | Gained mutation: You are extremely robust (+30% HP). [demonic ancestry]
 42141 | Depths:2 | Reached XP level 24. HP: 217/261 MP: 33/33
 42937 | Vaults:5 | Entered Level 5 of the Vaults
 42944 | Vaults:5 | Received a gift from Okawaru
 42957 | Vaults:5 | Noticed an ancient lich
 42981 | Vaults:4 | Killed an ancient lich
 42981 | Vaults:4 | Received a gift from Okawaru
 43299 | Vaults:5 | Noticed an ancient lich
 43320 | Vaults:5 | HP: 7/261 [tengu reaver/battleaxe (22)]
 43512 | Vaults:5 | Identified a +3 rod of inaccuracy (10/10) (You found it on level 5 of the Vaults)
 43522 | Vaults:5 | Killed an ancient lich
 43531 | Vaults:5 | Got a sparkling pewter ring
 43532 | Vaults:5 | Identified the ring of the Philosopher {*Tele Int+6} (You found it on level 5 of the Vaults)
 43558 | Vaults:5 | Got a warped ivory ring
 43559 | Vaults:5 | Identified the ring "Ukaidinu" {rC+ MR- Dex+6} (You found it on level 5 of the Vaults)
 43595 | Vaults:5 | Received a gift from Okawaru
 43752 | Vaults:5 | Found Seushrin's Assorted Antiques.
 43903 | Vaults:5 | Noticed an ancient lich
 43923 | Vaults:5 | Killed an ancient lich
 43923 | Vaults:5 | Reached XP level 25. HP: 251/269 MP: 33/33
 43927 | Vaults:5 | Received a gift from Okawaru
 44087 | Vaults:5 | Got a crude hand crossbow
 44088 | Vaults:5 | Identified the +3 hand crossbow "Posamirph" {velocity, *Confuse rPois rF+ MR+ Dex+2} (You took it off a vault sentinel on level 5 of the Vaults)
 44147 | Vaults:5 | Got a silver rune of Zot
 44238 | Vaults:5 | Received a gift from Okawaru
 44318 | Vaults:5 | Found Mufam's Assorted Antiques.
 44328 | Vaults:5 | Bought a scroll of teleportation for 75 gold pieces
 44328 | Vaults:5 | Bought a scroll of recharging for 237 gold pieces
 45540 | Depths:2 | Reached skill level 1 in Crossbows
 45975 | Depths:3 | Reached skill level 5 in Crossbows
 46346 | Depths:3 | Reached skill level 10 in Crossbows
 46504 | Depths:3 | Found Qafaast's Book Shoppe.
 46507 | Depths:3 | Bought a manual of Stealth for 1656 gold pieces
 46519 | Depths:3 | Reached skill level 1 in Stealth
 46579 | Depths:3 | Found a blossoming altar of Fedhas.
 46606 | Depths:3 | Found a one-way gate leading to the halls of Pandemonium.
 46663 | Depths:3 | Found Kops's Antique Armour Shoppe.
 46671 | Depths:3 | Bought a glowing helmet for 94 gold pieces
 46698 | Depths:3 | Reached skill level 5 in Stealth
 46730 | Depths:3 | Bought a glowing hat for 84 gold pieces
 46856 | Depths:3 | Found Qygihic's Food Shoppe.
 46937 | Depths:3 | Noticed Jorgrun
 46945 | Depths:3 | Killed Jorgrun
 47152 | Depths:4 | Got an iridescent broad axe
 47153 | Depths:4 | Identified the +8 broad axe of Weloucli {chop, rElec rF+} (You found it on level 4 of the Depths)
 47317 | Depths:4 | Found Jitinneo's Gadget Emporium.
 47328 | Depths:4 | Found a gateway to a ziggurat.
 47341 | Depths:4 | Received a gift from Okawaru
 47361 | Depths:4 | Got an encrusted triple crossbow {god gift}
 47365 | Depths:4 | Identified the +11 triple crossbow "Coevvee" {venom, Int+4 SInv} (Okawaru gifted it to you on level 4 of the Depths)
 47407 | Depths:4 | Reached skill level 10 in Stealth
 47621 | Depths:4 | Identified the Handbook of Boosting Poisoning
 47862 | Depths:5 | Entered Level 5 of the Depths
 47866 | Depths:5 | Reached XP level 26. HP: 271/282 MP: 33/33
 47892 | Depths:5 | Reached skill level 20 in Fighting
 48008 | Depths:5 | Found a deep blue altar of Sif Muna.
 48014 | Depths:5 | Received a gift from Okawaru
 48141 | Depths:5 | Found a runed door.
 48141 | Depths:5 | Found a runed door.
 48147 | Depths:5 | Found a runed door.
 48156 | Depths:5 | Found a runed door.
 48177 | Depths:5 | Found a gate to the Realm of Zot.
 48207 | Depths:5 | Received a gift from Okawaru
 48299 | Depths:5 | Found a runed door.
 48299 | Depths:5 | Found a runed door.
 48375 | Depths:5 | Reached skill level 21 in Fighting
 49312 | Hell     | Killed Geryon
 49407 | Hell     | Gained mutation: Scrolls take you a little longer to read. [a cacodemon]
 49436 | Hell     | Found a gateway to the Iron City of Dis.
 49521 | Hell     | Reached skill level 22 in Fighting
 49523 | Hell     | Found a gateway to the ashen valley of Gehenna.
 49566 | Hell     | Noticed Murray
 49581 | Hell     | Killed Murray
 49650 | Hell     | Found a gateway to the freezing wastes of Cocytus.
 49721 | Hell     | Found a gateway to the decaying netherworld of Tartarus.
 49995 | Depths:4 | Voluntarily entered the Abyss.
 50138 | Abyss:1  | Received a gift from Okawaru
 50288 | Abyss:1  | Paralysed by accursed screaming for 1 turns
 50765 | Abyss:3  | Received a gift from Okawaru
 50765 | Abyss:3  | Gained mutation: You expend magic power (3 MP) to strengthen your wands. [a neqoxec]
 50769 | Abyss:3  | Paralysed by accursed screaming for 1 turns
 50771 | Abyss:3  | Paralysed by accursed screaming for 1 turns
 50798 | Abyss:5  | Entered Level 5 of the Abyss
 50834 | Abyss:5  | Reached skill level 23 in Fighting
 50877 | Abyss:5  | Got an abyssal rune of Zot
 51118 | Abyss:5  | Reached XP level 27. HP: 305/305 MP: 33/33
 51127 | Depths:4 | Escaped the Abyss
 51723 | Crypt:1  | Entered Level 1 of the Crypt
 52127 | Crypt:1  | Received a gift from Okawaru
 52685 | Crypt:2  | Received a gift from Okawaru
 53146 | Crypt:2  | Noticed Jory
 53161 | Crypt:2  | Killed Jory
 53161 | Crypt:2  | Reached skill level 10 in Shields
 53333 | Crypt:2  | Received a gift from Okawaru
 53364 | Crypt:3  | Entered Level 3 of the Crypt
 53364 | Crypt:3  | Found a staircase to the Tomb.
 53910 | Crypt:3  | Got a pitted copper ring
 53916 | Crypt:3  | Identified the ring "Feqis" {rC+ rN+ Slay+3} (You found it on level 3 of the Crypt)
 53918 | Crypt:3  | Got a faintly glowing ivory ring
 53924 | Crypt:3  | Identified the ring "Huniss" {rN+ Str-4 Int+4 Slay+3} (You found it on level 3 of the Crypt)
 53926 | Crypt:3  | Got a transparent jade ring
 53929 | Crypt:3  | Identified the ring "Qabomo" {rN+ Dex+4} (You found it on level 3 of the Crypt)
 54157 | Crypt:3  | Identified a +5 rod of ignition (13/13) (You found it on level 3 of the Crypt)
 54675 | Tomb:1   | Entered Level 1 of the Tomb of the Ancients
 54788 | Tomb:1   | Received a gift from Okawaru
 54811 | Tomb:1   | Got a steaming war axe {god gift}
 54812 | Tomb:1   | Identified the +9 war axe "Haik" {chop, Str+3 Int-4 Dex+8} (Okawaru gifted it to you on level 1 of the Tomb of the Ancients)
 54897 | Tomb:1   | Noticed a greater mummy
 54911 | Tomb:1   | Killed a greater mummy
 55363 | Tomb:1   | Noticed a greater mummy
 55370 | Tomb:1   | Killed a greater mummy
 55494 | Tomb:1   | Reached skill level 15 in Shields
 55531 | Tomb:1   | HP: 8/305 [mummy priest's death curse (22)]
 55796 | Tomb:1   | Noticed a greater mummy
 55810 | Tomb:1   | Killed a greater mummy
 56024 | Tomb:2   | Noticed Khufu
 56024 | Tomb:2   | Noticed a greater mummy
 56024 | Tomb:2   | Noticed a greater mummy
 56289 | Tomb:2   | Noticed a greater mummy
 56289 | Tomb:2   | Noticed a greater mummy
 56291 | Tomb:2   | Noticed a greater mummy
 56291 | Tomb:2   | Noticed a greater mummy
 56292 | Tomb:1   | Received a gift from Okawaru
 56758 | Tomb:1   | Killed a greater mummy
 57561 | Tomb:1   | Killed a greater mummy
 57829 | Tomb:1   | Killed a greater mummy
 58022 | Tomb:1   | Killed a greater mummy
 58022 | Tomb:1   | Received a gift from Okawaru
 58041 | Tomb:1   | Killed a greater mummy
 58041 | Tomb:1   | Reached skill level 24 in Fighting
 58044 | Tomb:1   | Killed Khufu
 58047 | Tomb:1   | Killed a greater mummy
 58822 | Tomb:1   | Noticed a greater mummy
 58832 | Tomb:1   | Killed a greater mummy
 58842 | Tomb:1   | Noticed a greater mummy
 58842 | Tomb:1   | Noticed a greater mummy
 58861 | Tomb:1   | Noticed a greater mummy
 58872 | Tomb:2   | Killed a greater mummy
 58877 | Tomb:2   | Killed a greater mummy
 59366 | Tomb:1   | Noticed a greater mummy
 59368 | Tomb:1   | Killed a greater mummy
 59604 | Tomb:1   | Killed a greater mummy
 59604 | Tomb:1   | Reached skill level 25 in Fighting
 60062 | Tomb:1   | Noticed a greater mummy
 60068 | Tomb:1   | Noticed a greater mummy
 60071 | Tomb:1   | Killed a greater mummy
 60084 | Tomb:1   | Killed a greater mummy
 60123 | Tomb:1   | Noticed a greater mummy
 60130 | Tomb:1   | Killed a greater mummy
 60183 | Tomb:1   | Noticed a greater mummy
 60191 | Tomb:1   | Noticed a greater mummy
 60193 | Tomb:1   | Killed a greater mummy
 60205 | Tomb:1   | Killed a greater mummy
 60470 | Tomb:1   | Noticed a greater mummy
 60483 | Tomb:1   | Killed a greater mummy
 60483 | Tomb:1   | Received a gift from Okawaru
 60517 | Tomb:1   | Noticed a greater mummy
 60517 | Tomb:1   | Noticed a greater mummy
 60528 | Tomb:1   | Killed a greater mummy
 60532 | Tomb:1   | Noticed a greater mummy
 60606 | Tomb:1   | Killed a greater mummy
 60606 | Tomb:1   | Received a gift from Okawaru
 60836 | Tomb:1   | Noticed a greater mummy
 60847 | Tomb:1   | Killed a greater mummy
 61066 | Tomb:1   | Killed a greater mummy
 61066 | Tomb:1   | Reached skill level 26 in Fighting
 61241 | Tomb:1   | Noticed a greater mummy
 61246 | Tomb:1   | Killed a greater mummy
 61246 | Tomb:1   | Received a gift from Okawaru
 61643 | Tomb:3   | Entered Level 3 of the Tomb of the Ancients
 61837 | Tomb:3   | Noticed a greater mummy
 61918 | Tomb:3   | Noticed a greater mummy
 61924 | Tomb:2   | Killed a greater mummy
 61924 | Tomb:2   | Received a gift from Okawaru
 62154 | Tomb:3   | Noticed a greater mummy
 62245 | Tomb:3   | Noticed a greater mummy
 62560 | Tomb:2   | Killed a greater mummy
 63815 | Tomb:2   | Killed a greater mummy
 64386 | Tomb:2   | Killed a greater mummy
 64407 | Tomb:3   | Noticed an ancient lich
 64503 | Tomb:2   | Killed an ancient lich
 64695 | Tomb:3   | Noticed a greater mummy
 64897 | Tomb:3   | Noticed a greater mummy
 64905 | Tomb:2   | Killed a greater mummy
 64905 | Tomb:2   | Reached skill level 27 in Fighting
 64933 | Tomb:3   | Killed a greater mummy
 64957 | Tomb:3   | Noticed a greater mummy
 65770 | Tomb:3   | Killed a greater mummy
 65770 | Tomb:3   | Received a gift from Okawaru
 66126 | Tomb:3   | Noticed a greater mummy
 66956 | Tomb:3   | Killed a greater mummy
 66956 | Tomb:3   | Reached skill level 15 in Evocations
 67028 | Tomb:3   | Got a golden rune of Zot
 67435 | Tomb:3   | Received a gift from Okawaru
 68500 | Slime:1  | Entered Level 1 of the Pits of Slime
 68545 | Slime:2  | Lost mutation: You are agile. (Dex +2) [a shining eye]
 68607 | Slime:2  | Gained mutation: Your body sometimes deteriorates upon taking damage. [a shining eye]
 68616 | Slime:2  | Gained mutation: You are clumsy. (Dex -2) [a shining eye]
 69093 | Slime:4  | Gained mutation: Your spells are a little easier to cast, but a little less powerful. [a shining eye]
 69228 | Slime:6  | Entered Level 6 of the Pits of Slime
 69242 | Slime:6  | Noticed Dissolution
 69259 | Slime:6  | Paralysed by a giant eyeball for 3 turns
 69270 | Slime:5  | Killed Dissolution
 69367 | Slime:6  | Noticed the Royal Jelly
 69368 | Slime:6  | Found a viscous altar of Jiyva.
 69388 | Slime:6  | Killed the Royal Jelly
 69388 | Slime:6  | Received a gift from Okawaru
 69847 | Slime:6  | Got a coiled silver ring
 69850 | Slime:6  | Identified the ring "Desual" {rElec rPois rN+ MR+++ Dex-5} (You found it on level 6 of the Pits of Slime)
 69912 | Slime:6  | Received a gift from Okawaru
 70057 | Slime:6  | Got a slimy rune of Zot
 70140 | Slime:6  | Got a bound steel ring
 70143 | Slime:6  | Identified the ring "Tiherr" {Wiz rElec MR+ Str-5 Stlth+} (You found it on level 6 of the Pits of Slime)
 70345 | D:8      | Lost mutation: Your body sometimes deteriorates upon taking damage. [potion of cure mutation]
 70345 | D:8      | Lost mutation: Your flesh is cold resistant. [potion of cure mutation]
 70345 | D:8      | Lost mutation: Scrolls take you a little longer to read. [potion of cure mutation]
 70345 | D:8      | Lost mutation: Your muscles are strong. (Str +2) [potion of cure mutation]
 70345 | D:8      | Lost mutation: You are resistant to hostile enchantments. [potion of cure mutation]
 70345 | D:8      | Lost mutation: You are clumsy. (Dex -2) [potion of cure mutation]
 70345 | D:8      | Lost mutation: Your spells are a little easier to cast, but a little less powerful. [potion of cure mutation]
 70842 | Coc:1    | Entered Level 1 of Cocytus
 70943 | Coc:2    | Received a gift from Okawaru
 71130 | Coc:3    | Received a gift from Okawaru
 71409 | Coc:6    | Reached skill level 15 in Dodging
 71540 | Coc:6    | Gained mutation: Scrolls take you a little longer to read. [mutagenic glow]
 71791 | Coc:7    | Entered Level 7 of Cocytus
 71840 | Coc:7    | Gained mutation: You tend to lose your temper in combat. [mutagenic glow]
 71950 | Coc:7    | Received a gift from Okawaru
 71977 | Coc:7    | Gained mutation: You are clumsy. (Dex -2) [mutagenic glow]
 72358 | Coc:7    | Noticed Antaeus
 72392 | Coc:7    | Annihilated by Antaeus

Skill      XL: |  1  2  3  4  5  6  7  8  9 10 11 12 13 14 15 16 17 18 19 20 21 22 23 24 25 26 27 |
---------------+----------------------------------------------------------------------------------+-----
Axes           | 3 4 5 6 7 9 10 11 12 13 14 15 18 19 21 22 | 22.7
Armour         | 1 2 3 4 6 7 8 9 10 12 13 14 15 16 17 19 22 | 22.8
Fighting       | 3 4 5 6 8 9 10 11 12 13 14 15 16 17 18 19 23 27 | 27.0
Invocations    | 2 6 9 |  9.3
Shields        | 6 15 | 15.4
Evocations     | 5 7 12 14 15 | 15.4
Dodging        | 13 18 | 18.0
Crossbows      | 12 | 12.1
Stealth        | 10 | 10.3
Maces & Flails | |  0.1
Polearms       | |  0.8
Throwing       | |  1.7

Action                   |  1- 3 |  4- 6 |  7- 9 | 10-12 | 13-15 | 16-18 | 19-21 | 22-24 | 25-27 || total
-------------------------+-------+-------+-------+-------+-------+-------+-------+-------+-------++-------
Melee: War axe           |    52 |    97 |   168 |   351 |       |       |       |       |       ||   668
       Kick              |       |    24 |    66 |   201 |   426 |   460 |   375 |   487 |  1522 ||  3561
       Flail             |       |       |       |     9 |    19 |       |       |       |       ||    28
       Punch             |       |       |       |     4 |       |       |       |       |       ||     4
       Battleaxe         |       |       |       |   185 |   539 |   178 |   938 |  1112 |  1618 ||  4570
       Halberd           |       |       |       |       |    20 |       |       |       |       ||    20
       Broad axe         |       |       |       |       |   462 |   150 |       |       |  1238 ||  1850
       Executioner's axe |       |       |       |       |       |   708 |       |       |   263 ||   971
 Fire: Triple crossbow   |       |       |       |       |       |       |       |       |    26 ||    26
Throw: Throwing net      |       |       |       |     3 |       |       |       |       |     2 ||     5
 Cast: Apportation       |       |       |       |       |       |       |       |     3 |       ||     3
Invok: Heroism           |       |       |       |    10 |    23 |    10 |     8 |    21 |    36 ||   108
       Finesse           |       |       |       |     6 |    15 |     2 |     5 |     9 |    15 ||    52
Evoke: Wand              |       |       |       |       |     3 |       |     4 |     3 |     9 ||    19
       Box of beasts     |       |       |       |       |     2 |     1 |     1 |     2 |     1 ||     7
       Sack of spiders   |       |       |       |       |     1 |       |       |     1 |     1 ||     3
       Deck              |       |       |       |       |       |       |       |       |     2 ||     2
       Horn of Geryon    |       |       |       |       |       |       |       |       |     1 ||     1
       Disc of storms    |       |       |       |       |       |       |       |       |     1 ||     1
  Use: Scroll            |       |     9 |     4 |    11 |    16 |    13 |    15 |    21 |    33 ||   122
       Potion            |       |       |     1 |     3 |     1 |     1 |     2 |     6 |     5 ||    19
 Stab: Sleeping          |     1 |       |       |       |       |       |       |       |       ||     1
       Held in net/web   |       |       |       |     1 |       |       |       |       |       ||     1
       Invisible         |       |       |       |     3 |       |       |       |       |       ||     3
       Distracted        |       |       |       |       |       |     2 |     1 |     2 |     3 ||     8
  Eat: Chunk             |       |     4 |     8 |    18 |    22 |    26 |    33 |    11 |     2 ||   124
       Meat ration       |       |       |       |     1 |       |     1 |       |     2 |     7 ||    11
       Royal jelly       |       |       |       |       |     3 |       |       |       |     4 ||     7
       Beef jerky        |       |       |       |       |     2 |     3 |       |     1 |     5 ||    11
       Pizza             |       |       |       |       |     2 |     1 |       |     1 |     1 ||     5
       Fruit             |       |       |       |       |       |     5 |       |     1 |     5 ||    11
       Bread ration      |       |       |       |       |       |       |       |       |    11 ||    11
Armor: Leather armour    |    10 |       |       |       |       |       |       |       |       ||    10
       Ring mail         |    10 |     1 |       |       |       |       |       |       |       ||    11
       Scale mail        |       |    55 |    26 |       |       |       |       |       |       ||    81
       Plate armour      |       |       |    65 |   341 |   601 |   629 |   601 |   570 |  1523 ||  4330
Dodge: Dodged            |    33 |    46 |    75 |   206 |   391 |   330 |   361 |   582 |  1626 ||  3650
Block: Shield            |       |       |       |       |   198 |    97 |       |       |   856 ||  1151
